 Dungeon Crawl Stone Soup version 0.32-a0-933-ga8fa3634e4 (webtiles) character file.

Game seed: 1882951710037454541

38 glaedl the Sneak (level 3, -1/18 HPs)
             Began as a Spriggan Brigand on Apr 14, 2024.
             Slain by a gnoll
             ... wielding a +0 spear
              (6 damage)
             ... on level 2 of the Dungeon.
             The game lasted 00:02:46 (763 turns).

glaedl the Sneak (Spriggan Brigand)                  Turns: 763, Time: 00:02:47

Health: -1/18      AC:  3    Str:  7    XL:     3   Next: 25%
Magic:  4/4        EV: 16    Int: 12    God:
Gold:   41         SH:  0    Dex: 18    Spells: 2/2 levels left

rFire   . . .        g - +0 dagger (speed)
rCold   . . .        (no shield)
rNeg    . . .        b - +0 robe
rPois   .            (helmet restricted)
rElec   .            c - +0 cloak
rCorr   .            (gloves unavailable)
SInv    +            (boots unavailable)
Will    .....        (no amulet)
Stlth   ++++         (no ring)
HPRegen 0.23/turn    (no ring)
MPRegen 0.09/turn

%: no passive effects
@: very quick
A: very small, no large weapons, unfitting armour, see invisible, speed 3
a: no special abilities


You were on level 2 of the Dungeon.
You visited 1 branch of the dungeon, and saw 2 of its levels.

You collected 41 gold pieces.

Inventory:

Hand Weapons
 g - a +0 dagger of speed (weapon)
Missiles
 d - 9 poisoned darts (quivered)
 e - 3 curare-tipped darts
Armour
 b - a +0 robe (worn)
 c - a +0 cloak (worn)
Jewellery
 o - an amulet of guardian spirit
 p - a +6 ring of intelligence
Scrolls
 a - a scroll of teleportation {unknown}
 f - 2 scrolls of identify {unknown}
 h - a scroll of blinking {unknown}
 k - a scroll of silence {unknown}
 l - a scroll of immolation {unknown}
 m - a scroll of poison {unknown}
Potions
 i - a potion of ambrosia {unknown}
 j - a potion of degeneration {unknown}
 n - 2 potions of heal wounds {unknown}


   Skills:
 + Level 1.9 Fighting
 + Level 2.7 Short Blades
 + Level 2.4 Throwing
 + Level 2.0 Dodging
 * Level 6.4 Stealth


You had 2 spell levels left.
You didn't know any spells.
Your spell library was empty.

Dungeon Overview and Level Annotations

Branches:
Dungeon (2/15)

Altars:

Shops:
D:1 *


Innate Abilities, Weirdness & Mutations

You are very small and have problems with some larger weapons.
You are too small for most types of armour.
You have supernaturally acute eyesight. (SInv)
You cover ground extremely quickly. (Speed+++)


Message History

You feel agile. x2
An orc comes into view. It is wielding a +0 flail.
The helpless orc fails to defend itself.
You impale the orc!!
You kill the orc!
Your Dodging skill increases to level 2!
Things that are here:
a +0 flail; an orc corpse
There is a stone staircase leading up here.
The gnoll misses you.
Things that are here:
a +0 flail; an orc corpse You hit the gnoll but do no damage.
The gnoll misses you.
You hit the gnoll but do no damage. The gnoll closely misses you.
You hit the gnoll.
The gnoll is moderately wounded.
You closely miss the gnoll.
The gnoll is moderately wounded.
The gnoll hits you with a +0 spear.
You hit the gnoll but do no damage.
The gnoll is moderately wounded.
You hit the gnoll but do no damage.
The gnoll is moderately wounded.
The gnoll completely misses you.
You hit the gnoll.
The gnoll is moderately wounded.
You hit the gnoll.
The gnoll is moderately wounded.
The gnoll hits you with a +0 spear.
You hit the gnoll but do no damage.
The gnoll is moderately wounded.
The gnoll hits you with a +0 spear!
Ouch! That really hurt!
* * * LOW HITPOINT WARNING * * *
You hit the gnoll.
The gnoll is heavily wounded.
You hit the gnoll.
The gnoll is severely wounded.
The gnoll hits you with a +0 spear.
You die...

#.######...#
#.# #...#
#.######...#
#..........#
#<######..##
#.# #..# #.#
#..#
#.######..#
#...g@....#
#########.#
.# ##


You could see a gnoll.

Vanquished Creatures
  An adder (D:2)
  A dart slug (D:1)
  An orc (D:2)
  2 ball pythons (D:1)
  4 endoplasms (D:1)
  3 goblins
  3 hobgoblins (D:1)
  A kobold (D:1)
  A quokka (D:1)
  A bat (D:1)
  3 frilled lizards (D:1)
  4 rats (D:1)
25 creatures vanquished.

Notes
Turn   | Place    | Note
-------+----------+-------------------------------------------
     0 | D:1      | glaedl the Spriggan Brigand began the quest for the Orb.
     0 | D:1      | Reached XP level 1. HP: 10/10 MP: 2/2
    38 | D:1      | Reached skill level 6 in Stealth
    66 | D:1      | Reached XP level 2. HP: 11/15 MP: 3/3
   184 | D:1      | Found Fuefeuka's General Store.
   726 | D:2      | Reached XP level 3. HP: 17/18 MP: 4/4
   763 | D:2      | Slain by a gnoll

Illustrated notes

Levels and vault maps discovered:
D:1:      lordsloth_arrival_two_stooges, layout_loops_ring, serial_shops, shop,
          hex_large, minmay_pentomino_s2
D:2:      layout_basic, uniq_terence, uniq_jessica

Skill      XL: |  1  2  3 |
---------------+----------+-----
Stealth        | 6 |  6.4
Dodging        | 2 |  2.0
Fighting       | |  1.9
Short Blades   | |  2.7
Throwing       | |  2.4

Action                     || total
---------------------------++-------
  Melee: Dagger            ||   100
   Stab: Sleeping          ||     9
 Armour: Robe              ||    24
  Dodge: Dodged            ||    42

Table legend: (Time is in decaauts)
 A = Elapsed time spent in this place.
 B = Non-inter-level travel time spent in this place.
 C = Inter-level travel time spent in this place.
 D = Time resting spent in this place.
 E = Time spent auto-exploring this place.
 F = Levels seen in this place.
 G = Mean time per level.
                   A        B        C        D        E       F      G
               +--------+--------+--------+--------+--------+-----+--------+
         Total |    504 |    495 |      9 |     39 |    295 |   2 |  252.0 |
       Dungeon |    504 |    495 |      9 |     39 |    295 |   2 |  252.0 |
               +--------+--------+--------+--------+--------+-----+--------+

Top non-repeatable levels by time:
     D:1: 456 daAuts
     D:2: 47 daAuts
